 Dungeon Crawl Stone Soup version 0.29.0-4-gdea44cf6ec (webtiles) character file.

Game seed: 1782049816154021101

21 qw the Chopper (level 2, -1/17 HPs)
             Began as a Tengu Warper on Aug 28, 2022.
             Succumbed to a kobold's poison
             ... on level 1 of the Dungeon.
             The game lasted 00:00:03 (838 turns).

qw the Chopper (Tengu Warper)                        Turns: 838, Time: 00:00:03

Health: -1/17      AC:  3    Str: 11    XL:     2   Next: 83%
Magic:  6/6        EV: 11    Int: 13    God:
Gold:   56         SH:  0    Dex: 13    Spells: 5/5 levels left

rFire   . . .      SeeInvis .   a - +0 hand axe
rCold   . . .      Faith    .   (no shield)
rNeg    . . .      Spirit   .   b - +0 leather armour
rPois   .          Reflect  .   (helmet restricted)
rElec   .          Harm     .   (no cloak)
rCorr   .          Rampage  .   (no gloves)
Will    .....                   (boots unavailable)
Stlth   +.........              (no amulet)
HPRegen 0.05/turn               (no ring)
MPRegen 0.10/turn               (no ring)

@: lethally poisoned (-1 -> -8)
A: beak, talons 3
a: no special abilities


You were on level 1 of the Dungeon.
You visited 1 branch of the dungeon, and saw 1 of its levels.

You collected 56 gold pieces.


Innate Abilities, Weirdness & Mutations

You have a beak for a mouth.
You have claws for feet.


   Skills:
 - Level 2.0 Fighting
 + Level 3.6 Axes
 - Level 1.0 Throwing
 - Level 1.1 Armour
 - Level 2.1 Dodging
 - Level 2.0 Spellcasting
 - Level 2.4 Translocations


You had 5 spell levels left.
You didn't know any spells.
Your spell library contained the following spells:

 Spells                   Type           Power      Damage    Failure   Level
 Blink                    Tloc           14%        N/A       19%         2
 Gell's Gravitas          Tloc           7%         N/A       36%         3
 Lesser Beckoning         Tloc           7%         N/A       36%         3
 Teleport Other           Tloc           7%         N/A       36%         3
 Manifold Assault         Tloc           7%         N/A       98%         5

Inventory:

Hand Weapons
 a - a +0 hand axe (weapon)
 h - a +0 whip
Armour
 b - a +0 leather armour (worn)
 f - a +0 chain mail
Jewellery
 d - an amulet of reflection
 g - an amulet of guardian spirit
Scrolls
 c - a scroll of blinking
Potions
 e - 2 potions of attraction {unknown}

Dungeon Overview and Level Annotations

Branches:
Dungeon (1/15)

Altars:


Message History

The ball python barely misses you. The ball python constricts you.
The ball python completely misses you. The ball python constricts you.
You closely miss the ball python. You claw the ball python.
You kill the ball python!
You start resting.
HP restored.
You see here a ball python corpse.
Found a scroll of blinking.
A bat comes into view.
The bat moves out of view.
You see here a bubbling purple potion.
A bat is nearby!
You hit the bat.
You kill the bat!
e - 2 bubbling purple potions (gained 1)
You now have 56 gold pieces (gained 13).
A ball python comes into view.
Found 11 gold pieces.
Enter note: The ball python hisses angrily.
You hear a shout!
A kobold comes into view.
It is wielding a +2 short sword of venom.
You slash the ball python!
You kill the ball python!
You hit the kobold. You claw the kobold, but do no damage.
The kobold is moderately wounded.
The kobold hits you with a +2 short sword of venom. x2
You are poisoned.
You completely miss the kobold. Your kick misses the kobold.
The kobold is moderately wounded.
You feel sick.
The kobold hits you with a +2 short sword of venom.
You are more poisoned.
You hit the kobold but do no damage. Your kick misses the kobold.
You peck the kobold.
You kill the kobold!
You feel very sick.
There is a lethal amount of poison in your body!
You feel sick.
There is a lethal amount of poison in your body!
You die...

..###..........
##...##
).#....###.....
##....?##
.##.##.# ...
#.......#
.##.##.# #
#.......#
.##.##.#
#.......#
.......#
##.....##
###.####
##...## #.#
#############.#
#..
$.....)@......#
####
.##..##.##.####
# #?##.# .[##.#
#####.# #.# ..#
###


There were no monsters in sight!

Vanquished Creatures
  A dart slug (D:1)
  2 bats (D:1)
  2 giant cockroaches (D:1)
  A quokka (D:1)
  2 ball pythons (D:1)
  A frilled lizard (D:1)
  A goblin (D:1)
  6 kobolds (D:1)
  2 rats (D:1)
18 creatures vanquished.

Notes
Turn   | Place    | Note
-------+----------+-------------------------------------------
     0 | D:1      | qw the Tengu Warper began the quest for the Orb.
     0 | D:1      | Reached XP level 1. HP: 12/12 MP: 4/4
     0 | D:1      | 0 ||| qw: Version: 0.1-a-89-g26bdef1
     0 | D:1      | 0 ||| qw: Game counter: 595
     0 | D:1      | 0 ||| qw: Always use a shield: true
     0 | D:1      | 0 ||| qw: God list: Okawaru
     0 | D:1      | 0 ||| qw: Allow faded altars: false
     0 | D:1      | 0 ||| qw: Do Orc after D:15 true
     0 | D:1      | 0 ||| qw: Do second Lair branch before Depths: true
     0 | D:1      | 0 ||| qw: Lair rune preference: random
     0 | D:1      | 0 ||| qw: Plans: Normal
     0 | D:1      | 0 ||| PLANNING D:1-11
    10 | D:1      | 10 ||| Stepping ~*~*~tactically~*~*~ (stealth).
   140 | D:1      | 140 ||| Stepping ~*~*~tactically~*~*~ (hiding).
   242 | D:1      | 242 ||| Stepping ~*~*~tactically~*~*~ (hiding).
   344 | D:1      | 344 ||| Stepping ~*~*~tactically~*~*~ (hiding).
   452 | D:1      | Reached skill level 3 in Axes
   452 | D:1      | Reached XP level 2. HP: 11/17 MP: 6/6
   835 | D:1      | HP: 4/17 [kobold/+2 short sword of venom (4)]
   836 | D:1      | HP: 1/17 [poisoned by a kobold]
   838 | D:1      | Succumbed to a kobold's poison

Levels and vault maps discovered:
D:1:      eino_arrival_druids_welcome, layout_loops_cross,
          hellmonk_ecumenical_altar_crossroads

Skill      XL: |  1 |
---------------+----+-----
Axes           | 3 |  3.6
Fighting       | |  2.0
Throwing       | |  1.0
Armour         | |  1.1
Dodging        | |  2.1
Spellcasting   | |  2.0
Translocations | |  2.4

Action                   || total
-------------------------++-------
Melee: Hand axe          ||    27
       Kick              ||     6
       Punch             ||     1
       Peck              ||     5
Throw: Boomerang         ||     7
Armor: Leather armour    ||     6
Dodge: Dodged            ||     7

Table legend:
 A = Non-vault XP
 B = Vault XP
 C = Vault XP percentage of total XP
 D = Non-vault monster count
 E = Vault monster count
 F = Vault count percentage of total count
                 A         B        C        D         E       F
            +---------+---------+-------+---------+---------+-------
      Total |      30 |       0 |   0.0 |      18 |       0 |   0.0
            +---------+---------+-------+---------+---------+-------
        D:1 |      30 |       0 |   0.0 |      18 |       0 |   0.0
            +---------+---------+-------+---------+---------+-------
